 Dungeon Crawl Stone Soup version 0.25-a0-1036-g6f112fb28d (webtiles) character file.

Game seed: 4695391669467317653, levelgen mode: deterministic

8069 Maedhros the Martial Artist (level 11, -5/74 HPs)
             Began as an Octopode Artificer on May 13, 2020.
             Was a High Priest of Cheibriados.
             Slain by a two-headed ogre
             ... wielding a +0 giant spiked club
              (15 damage)
             ... on level 9 of the Dungeon.
             The game lasted 00:22:27 (4561 turns).

Maedhros the Martial Artist (Octopode Artificer)    Turns: 4561, Time: 00:22:29

Health: -5/74      AC:  3    Str: 25    XL:     11   Next: 25%
Magic:  15/15      EV: 20    Int: 24    God:    Cheibriados [*****.]
Gold:   513        SH:  0    Dex: 25    Spells: 10/10 levels left

rFire    . . .     SeeInvis .     - Unarmed
rCold    . . .     Gourm    +   (no shield)
rNeg     . . .     Faith    .   (helmet restricted)
rPois    .         Spirit   .   j - amulet of the gourmand
rElec    .         Reflect  .   l - ring of wizardry
rCorr    +         Harm     .   g - ring of wizardry
MR       .....                  h - ring of resist corrosion
Stlth    ++++++....             (no ring)
HPRegen  0.22/turn              (no ring)
MPRegen  0.14/turn              (no ring)
                                (no ring)
                                (no ring)

@: very slow
A: almost no armour, stealthy swim, amphibious, 8 rings, constrict 8, slimy
green scales 1, camouflage 1, clumsy 1, strong 1, gelatinous body 1
a: Bend Time, Temporal Distortion, Slouch, Step From Time, Renounce Religion


You were on level 9 of the Dungeon.
You worshipped Cheibriados.
Cheibriados was extremely pleased with you.
You were not hungry.

You visited 2 branches of the dungeon, and saw 12 of its levels.

You collected 513 gold pieces.

Inventory:

Hand Weapons
 m - the +2 trident of Intimidation {flame, rN+}
   (You found it on level 5 of the Dungeon)

   It has been specially enchanted to burn those struck by it, causing extra
   injury to most foes and up to half again as much damage against particularly
   susceptible opponents.
   It protects you from negative energy.
 o - a +0 arbalest of flaming
Missiles
 c - 8 javelins
 d - 10 curare-tipped darts
 e - 15 boomerangs
 i - 33 poisoned darts (quivered)
 k - 3 boomerangs of dispersal
Jewellery
 g - a ring of wizardry (right tentacle)
 h - a ring of resist corrosion (on tentacle)
 j - an amulet of the gourmand (around mantle)
 l - a ring of wizardry (left tentacle)
Wands
 b - a wand of flame (1)
Scrolls
 a - 6 scrolls of teleportation
 n - a scroll of enchant weapon {unknown}
 q - 3 scrolls of remove curse
Potions
 t - a potion of flight
Comestibles
 f - 15 rations


   Skills:
 + Level 6.7 Fighting
   Level 1.0 Short Blades
 + Level 7.0 Dodging
 + Level 9.2 Stealth
 - Level 11.2 Unarmed Combat
 + Level 6.2 Invocations
 - Level 3.2 Evocations


You had 10 spell levels left.
You didn't know any spells.
Your spell library was empty.

Dungeon Overview and Level Annotations

Branches:
Dungeon (11/15)            Temple (1/1) D:5            Lair (0/6) D:9
    Orc: D:9-12

Altars:
Ashenzari
Cheibriados
Elyvilon
Hepliaklqana
Kikubaaqudgha
Makhleb
Nemelex Xobeh
Ru
Sif Muna
Zin
The Shining One

Annotations:
D:11 Harold


Innate Abilities, Weirdness & Mutations

You cannot wear most types of armour.
You are very stealthy in the water. (Stealth+)
You are amphibious.
You can wear up to eight rings at the same time.
You can use your tentacles to constrict eight enemies at once.
Your skin changes colour to match your surroundings (Stealth+).
Your rubbery body absorbs attacks. (AC +1, EV +1)
You are partially covered in slimy green scales. (AC +2)
You are clumsy. (Dex -2)
Your muscles are strong. (Str +2)


Message History

The two-headed ogre is poisoned.
You barely miss the two-headed ogre.
The two-headed ogre hits you with a +0 giant spiked club!!
The two-headed ogre hits you with a +1 vorpal dire flail.
Okay, then.
You tentacle-slap the two-headed ogre but do no damage.
You bludgeon the two-headed ogre!
You tentacle-slap the two-headed ogre, but do no damage.
You squeeze the two-headed ogre, but do no damage.
The two-headed ogre is lightly wounded.
The two-headed ogre misses you. The two-headed ogre closely misses you.
You bludgeon the two-headed ogre!
The two-headed ogre is moderately wounded.
You tentacle-slap the two-headed ogre but do no damage.
Your squeeze misses the two-headed ogre.
The two-headed ogre is moderately wounded.
The two-headed ogre hits you with a +0 giant spiked club!!
* * * LOW HITPOINT WARNING * * *
The two-headed ogre hits you with a +1 vorpal dire flail!
You die...

#.. ####### ##.#####
#.#...# #.......
#.###.# ###.......
#.#...#. ###.........
#.#.###.###...#.......
#.#.#.!...#.###.....>.
#.#.#####.'.# #.....?.
#....@O(..### #.......
########'## ##.#####
#..# #.. #.## ###
####.## .......
###+### .......
###...... ....$..
#.'...... .......
###.#......


You could see a two-headed ogre (poisoned).

Vanquished Creatures
  A two-headed ogre (D:10)
  Sonja (D:10)
  A hippogriff (D:7)
  A spriggan (D:9)
  2 wyverns
  6 yaks (D:10)
  7 ogres
  A hungry ghost (D:8)
  A crocodile (D:8)
  A water moccasin (D:7)
  An orc warrior (D:10)
  A sky beast (D:11)
  4 ice beasts
  2 phantoms
  3 big kobolds
  6 bullfrogs
  6 orc priests
  A wyvern skeleton (D:7)
  3 scorpions
  18 killer bees
  3 howler monkeys
  5 wights (D:9)
  2 electric eels (D:11)
  4 crimson imps
  2 jellies (D:10)
  A centaur zombie (D:9)
  A gnoll shaman (D:7)
  2 hounds (D:4)
  12 orc wizards
  4 bullfrog skeletons
  A centaur skeleton (D:7)
  8 worker ants
  A howler monkey zombie (D:10)
  3 gnolls (D:7)
  7 adders
  A shadow imp (D:5)
  2 oozes
  An adder skeleton (D:6)
  A worm (D:4)
  2 dart slugs (D:2)
  4 leopard geckos
  28 orcs
  11 bats
  4 bat zombies (D:4)
  4 giant cockroaches
  4 goblins
  4 hobgoblins
  7 jackals
  4 quokkas
  A ball python (D:2)
  4 frilled lizards
  2 jackal zombies (D:7)
  19 kobolds
  A quokka zombie (D:7)
  A rat (D:2)
  2 rat zombies (D:4)
230 creatures vanquished.

Vanquished Creatures (collateral kills)
  Grinder (D:5)
  A big kobold (D:8)
  A killer bee (D:8)
  4 howler monkeys (D:8)
  A crimson imp (D:6)
  A hound (D:8)
  An orc priest (D:6)
  2 jackals (D:4)
  7 kobolds (D:8)
19 creatures vanquished.

Vanquished Creatures (others)
  A killer bee (D:8)
  A howler monkey (D:8)
  An orc priest (D:6)
  An orc wizard (D:8)
  A worker ant (D:5)
  A gnoll (D:7)
6 creatures vanquished.

Grand Total: 255 creatures vanquished

Notes
Turn   | Place    | Note
-------+----------+-------------------------------------------
     0 | D:1      | Maedhros the Octopode Artificer began the quest for the
                  | Orb.
     0 | D:1      | Reached XP level 1. HP: 13/13 MP: 3/3
     2 | D:1      | Found a shimmering blue altar of Sif Muna.
   199 | D:1      | Reached XP level 2. HP: 17/18 MP: 4/4
   310 | D:2      | You fall into a shaft and drop 2 floors!
   311 | D:4      | Noticed an ogre
   330 | D:5      | Entered Level 5 of the Dungeon
   330 | D:5      | Noticed Grinder
   331 | D:5      | Killed Grinder
   331 | D:5      | Reached skill level 3 in Unarmed Combat
   331 | D:5      | Reached XP level 3. HP: 23/23 MP: 5/5
   331 | D:5      | Reached XP level 4. HP: 28/28 MP: 6/6
   365 | D:5      | Killed an ogre
   365 | D:5      | Reached skill level 5 in Unarmed Combat
   365 | D:5      | Reached XP level 5. HP: 33/33 MP: 7/7
   365 | D:5      | Reached XP level 6. HP: 38/38 MP: 8/8
   417 | D:5      | Found a glowing golden altar of the Shining One.
   436 | D:5      | Found a staircase to the Ecumenical Temple.
   442 | Temple   | Entered the Ecumenical Temple
   451 | Temple   | Became a worshipper of Cheibriados the Contemplative
   485 | D:5      | Found a white marble altar of Elyvilon.
   800 | D:3      | Reached * piety under Cheibriados
   815 | D:3      | Reached skill level 6 in Unarmed Combat
   911 | D:2      | Gained mutation: You are clumsy. (Dex -2) [potion of
                  | mutation]
   911 | D:2      | Gained mutation: You are partially covered in slimy green
                  | scales. (AC +2) [potion of mutation]
   911 | D:2      | Gained mutation: Your muscles are strong. (Str +2) [potion
                  | of mutation]
  1137 | D:2      | Reached XP level 7. HP: 43/43 MP: 9/9
  1241 | D:3      | Reached ** piety under Cheibriados
  1401 | D:4      | Found an ancient bone altar of Kikubaaqudgha.
  1594 | D:5      | Reached skill level 7 in Unarmed Combat
  1719 | D:5      | Got a slimy trident
  1720 | D:5      | Identified the cursed +2 trident of Intimidation {flame,
                  | rN+} (You found it on level 5 of the Dungeon)
  1794 | D:5      | Reached XP level 8. HP: 45/51 MP: 10/10
  1851 | D:6      | Reached *** piety under Cheibriados
  1911 | D:6      | Reached skill level 8 in Unarmed Combat
  2176 | D:7      | Reached skill level 1 in Invocations
  2410 | D:8      | Reached XP level 9. HP: 48/58 MP: 11/11
  2417 | D:8      | Reached **** piety under Cheibriados
  2417 | D:8      | Reached skill level 5 in Stealth
  2614 | D:7      | Reached skill level 9 in Unarmed Combat
  2659 | D:7      | Found a shimmering blue altar of Sif Muna.
  2660 | D:7      | Found a sparkling altar of Nemelex Xobeh.
  2660 | D:7      | Found a glowing silver altar of Zin.
  2663 | D:7      | Found a sacrificial altar of Ru.
  2801 | D:6      | Reached skill level 5 in Dodging
  2961 | D:8      | Reached ***** piety under Cheibriados
  3080 | D:8      | Reached skill level 5 in Fighting
  3224 | D:8      | Reached XP level 10. HP: 57/66 MP: 11/13
  3301 | D:9      | Found a staircase to the Lair.
  3352 | D:9      | Reached skill level 10 in Unarmed Combat
  3576 | D:9      | Noticed a two-headed ogre
  3620 | D:10     | Entered Level 10 of the Dungeon
  3661 | D:10     | Noticed a two-headed ogre
  3766 | D:11     | Noticed Harold
  3863 | D:11     | Reached skill level 5 in Invocations
  3980 | D:10     | Killed a two-headed ogre
  3992 | D:10     | Noticed Sonja
  3993 | D:10     | Killed Sonja
  3993 | D:10     | Reached skill level 11 in Unarmed Combat
  3993 | D:10     | Reached XP level 11. HP: 21/73 MP: 15/15
  4397 | D:11     | Noticed a red ugly thing
  4397 | D:11     | Noticed a brown ugly thing
  4561 | D:9      | Slain by a two-headed ogre

Illustrated notes

Levels and vault maps discovered:
D:1:      sevenhm_arrival_forest_fort_small_6, layout_loops_cross, nrook_uturn,
          minivault_25, feat_on_display
D:2:      layout_basic, minmay_3d_cube
D:3:      layout_basic, first_ration
D:4:      layout_basic, lemuel_zombie_altar_kikubaaqudgha
D:5:      layout_basic, tso_metal_star, minmay_temple_entry_hall,
          elyvilon_altar_4, uniq_grinder
D:6:      layout_basic, fedhas_altar_4
D:7:      layout_gridville, kennysheep_mini,
          chequers_temple_overflow_statue_of_worship
D:8:      layout_basic, eino_jars
D:9:      layout_roguey, lair_entry_dummy, the_bakery
D:10:     layout_irregular_city, chequers_mini_garden, uniq_sonja
D:11:     layout_irregular_city, erik_orc_2, uniq_harold
Temple:   eino_wide_crystal_templ

Skill      XL: |  1  2  3  4  5  6  7  8  9 10 11 |
---------------+----------------------------------+-----
Stealth        | 2 4 6 8 9 |  9.2
Unarmed Combat | 3 5 6 7 8 9 11 | 11.2
Fighting       | 2 4 5 6 |  6.7
Dodging        | 3 4 5 6 7 |  7.0
Invocations    | 2 4 5 6 |  6.2
Short Blades   | |  1.0
Evocations     | |  3.2

Action                   |  1- 3 |  4- 6 |  7- 9 | 10-12 || total
-------------------------+-------+-------+-------+-------++-------
Melee: Short sword       |    24 |       |       |       ||    24
       Constrict         |     6 |    18 |    63 |    22 ||   109
       Tentacles         |     4 |    11 |    69 |    34 ||   118
       Unarmed           |       |    75 |   228 |   110 ||   413
       Punch             |       |     3 |    20 |    24 ||    47
Throw: Dart              |       |     2 |     6 |    11 ||    19
Invok: Slouch            |       |       |       |     7 ||     7
Evoke: Wand              |     2 |     7 |    25 |    18 ||    52
  Use: Scroll            |       |     4 |     9 |     4 ||    17
       Potion            |       |     2 |     1 |     2 ||     5
 Stab: Sleeping          |     5 |     2 |    15 |     7 ||    29
       Betrayed ally     |       |       |     2 |       ||     2
       Distracted        |       |       |     4 |     1 ||     5
  Eat: Chunk             |       |       |     6 |     3 ||     9
Armor: Skin              |     1 |    11 |    25 |     5 ||    42
Dodge: Dodged            |    18 |    62 |   178 |   104 ||   362

Table legend:
 A = Non-vault XP
 B = Vault XP
 C = Vault XP percentage of total XP
 D = Non-vault monster count
 E = Vault monster count
 F = Vault count percentage of total count
                 A         B        C        D         E       F
            +---------+---------+-------+---------+---------+-------
      Total |    9751 |    1777 |  15.4 |     228 |      21 |   8.4
            +---------+---------+-------+---------+---------+-------
        D:1 |      15 |       0 |   0.0 |      10 |       0 |   0.0
        D:2 |      31 |       4 |  11.4 |      16 |       2 |  11.1
        D:3 |      97 |       0 |   0.0 |      14 |       0 |   0.0
        D:4 |     371 |      10 |   2.6 |      17 |       6 |  26.1
        D:5 |     551 |     136 |  19.8 |      14 |       1 |   6.7
        D:6 |     579 |       0 |   0.0 |      12 |       0 |   0.0
        D:7 |    1246 |       0 |   0.0 |      37 |       0 |   0.0
        D:8 |    1306 |     450 |  25.6 |      41 |       6 |  12.8
        D:9 |    1200 |     220 |  15.5 |      21 |       1 |   4.5
       D:10 |    3466 |     835 |  19.4 |      33 |       1 |   2.9
       D:11 |     889 |     122 |  12.1 |      13 |       4 |  23.5
            +---------+---------+-------+---------+---------+-------
